 Dungeon Crawl Stone Soup version 0.25.1-2-g60ff931df9 (webtiles) character file.

Game seed: 11185006169654777752

1371 nicanaca0 the Basher (level 8, -11/67 HPs)
             Began as a Minotaur Berserker on Oct 3, 2020.
             Was an Elder of Trog.
             Mangled by an orc warrior
             ... wielding a +0 dire flail
              (13 damage)
             ... on level 6 of the Dungeon.
             The game lasted 00:09:19 (4689 turns).

nicanaca0 the Basher (Minotaur Berserker)           Turns: 4689, Time: 00:09:22

Health: -11/67     AC:  7    Str: 22    XL:     8   Next: 38%
Magic:  7/7        EV: 11    Int:  5    God:    Trog [****..]
Gold:   312        SH:  0    Dex: 11    Spells: 7/7 levels left

rFire    . . .     SeeInvis .   y - +4 hand axe (vamp)
rCold    + . .     Gourm    .   (no shield)
rNeg     + . .     Faith    .   v - +1 ring mail {rF+}
rPois    .         Spirit   .   (helmet restricted)
rElec    .         Reflect  .   (no cloak)
rCorr    .         Harm     .   (no gloves)
MR       ++...                  r - +0 pair of boots (curse)
Stlth    +.........             (no amulet)
HPRegen  1.21/turn              k - ring of ice
MPRegen  0.10/turn              w - ring of positive energy

@: flying, regenerating
A: retaliatory headbutt, horns 2
a: Berserk, Trog's Hand, Brothers in Arms, Renounce Religion


You were on level 6 of the Dungeon.
You worshipped Trog.
Trog was greatly pleased with you.
You were hungry.

You visited 1 branch of the dungeon, and saw 6 of its levels.

You collected 312 gold pieces.

Inventory:

Hand Weapons
 a - a +0 mace
 n - a +1 flail
 y - a +4 vampiric hand axe (weapon)
Armour
 b - a +0 animal skin
 f - a +0 chain mail
 r - a cursed +0 pair of boots (worn)
 u - a cursed +0 robe
 v - a +1 ring mail of fire resistance (worn)
Jewellery
 k - a ring of ice (left hand)
 w - a ring of positive energy (right hand)
 E - a cursed amulet of inaccuracy {unknown}
Wands
 o - a wand of paralysis (12)
 D - a wand of digging (8)
Scrolls
 d - a scroll of identify
 e - a scroll of noise {unknown}
 g - a scroll of blinking
 h - 2 scrolls of fog {unknown}
 i - a scroll of enchant weapon
 j - 2 scrolls of amnesia
 m - 2 scrolls of fear {unknown}
 t - 5 scrolls of remove curse {unknown}
 x - 3 scrolls of teleportation {unknown}
Potions
 l - a potion of lignification {unknown}
 p - a potion of mutation {unknown}
 q - 2 potions of resistance {unknown}
 s - 3 potions of curing
 z - a potion of flight
 A - 2 potions of stabbing {unknown}
 B - 2 potions of magic {unknown}
Comestibles
 c - 10 rations


   Skills:
 + Level 4.5 Fighting
 * Level 12.0 Maces & Flails
 + Level 3.5 Armour
 - Level 2.1 Dodging


You had 7 spell levels left.
You didn't know any spells.
Your spell library was empty.

Dungeon Overview and Level Annotations

Branches:
Dungeon (6/15)
 Temple: D:4-7

Altars:
Qazlal
Yredelemnul
The Shining One


Innate Abilities, Weirdness & Mutations

You reflexively headbutt those who attack you in melee.
You have a pair of horns on your head.


Message History

The orc priest hits you.
* * * LOW HITPOINT WARNING * * *
The hound bites you but does no damage. The gnoll closely misses you.
You hit the hound.
You feel better.
You kill the hound!
Trog accepts your kill.
Your Maces & Flails skill increases to level 12!
You closely miss the orc priest.
You hit the orc warrior but do no damage.
The orc warrior hits you with a +0 dire flail.
* * * LOW HITPOINT WARNING * * *
The orc priest hits you but does no damage.
It was a potion of flight.
You feel very buoyant.
You fly up into the air.
The gnoll hits you from afar with a +0 halberd.
* * * LOW HITPOINT WARNING * * *
The orc priest hits you but does no damage.
The orc warrior hits you with a +0 dire flail!
You die...

......### ....... # #
...... #.##. .....
...##oo. #.##.Zo{g
#....goo# #@# # #)# ..
##.## #. #...# ##.##
#...# ##...## #...#
##.....#######...#...
##..<....##............
.......................


You could see an orc warrior, an orc priest, an orc wizard (fast), 2 gnolls, 2
orcs and a jackal skeleton.

Vanquished Creatures
  Maggie (D:6)
  Duvessa (D:4)
  A centaur (D:5)
  2 bullfrogs
  Dowan (D:4)
  A scorpion (D:5)
  A crimson imp (D:5)
  A hound (D:6)
  2 orc priests
  A bullfrog zombie (D:5)
  A centaur skeleton (D:3)
  4 orc wizards
  Ijyb (D:5)
  Terence (D:2)
  A worker ant (D:5)
  A hound skeleton (D:4)
  Robin (D:2)
  6 gnolls
  10 adders
  A shadow imp (D:2)
  2 worms (D:3)
  3 dart slugs
  2 leopard geckos
  17 orcs
  5 giant cockroaches
  11 goblins
  16 hobgoblins
  6 jackals
  A quokka (D:3)
  2 ball pythons
  10 bats
  7 frilled lizards
  8 kobolds
  A quokka skeleton (D:4)
  8 rats
138 creatures vanquished.

Notes
Turn   | Place    | Note
-------+----------+-------------------------------------------
     0 | D:1      | nicanaca0 the Minotaur Berserker began the quest for the
                  | Orb.
     0 | D:1      | Reached XP level 1. HP: 19/19 MP: 0/0
    16 | D:1      | Reached skill level 4 in Maces & Flails
   318 | D:1      | Reached XP level 2. HP: 20/26 MP: 1/1
   855 | D:1      | Reached skill level 5 in Maces & Flails
   945 | D:2      | Reached ** piety under Trog
   945 | D:2      | Reached XP level 3. HP: 31/31 MP: 2/2
  1229 | D:2      | Noticed Robin
  1258 | D:2      | Killed Robin
  1260 | D:2      | Reached skill level 6 in Maces & Flails
  1260 | D:2      | Reached XP level 4. HP: 32/39 MP: 3/3
  1524 | D:2      | Noticed Terence
  1556 | D:2      | Killed Terence
  2105 | D:2      | Reached XP level 5. HP: 44/45 MP: 4/4
  2111 | D:2      | Reached skill level 7 in Maces & Flails
  2169 | D:3      | Reached *** piety under Trog
  2286 | D:3      | Found a basalt altar of Yredelemnul.
  2643 | D:3      | Reached skill level 8 in Maces & Flails
  2698 | D:3      | Reached XP level 6. HP: 44/51 MP: 5/5
  2966 | D:3      | Found a stormy altar of Qazlal.
  3144 | D:4      | Found a glowing golden altar of the Shining One.
  3172 | D:4      | Reached skill level 9 in Maces & Flails
  3226 | D:4      | Noticed Duvessa
  3227 | D:4      | Noticed Dowan
  3232 | D:4      | Killed Duvessa
  3238 | D:4      | Killed Dowan
  3238 | D:4      | Reached XP level 7. HP: 54/57 MP: 6/6
  3640 | D:5      | Entered Level 5 of the Dungeon
  3700 | D:5      | Reached skill level 10 in Maces & Flails
  3826 | D:5      | Noticed Ijyb
  3840 | D:5      | Killed Ijyb
  3840 | D:5      | Reached **** piety under Trog
  3923 | D:5      | Reached skill level 11 in Maces & Flails
  4524 | D:5      | Reached XP level 8. HP: 64/64 MP: 7/7
  4656 | D:6      | Noticed Maggie
  4681 | D:6      | Killed Maggie
  4687 | D:6      | HP: 3/67 [orc priest (3)]
  4688 | D:6      | Reached skill level 12 in Maces & Flails
  4689 | D:6      | Mangled by an orc warrior

Illustrated notes

Levels and vault maps discovered:
D:1:      lightli_arrival_lavapool, layout_rooms
D:2:      layout_basic, uniq_robin, uniq_terence
D:3:      layout_basic, yredelemnul_altar_generic, grunt_qazlal_clouds,
          first_ration
D:4:      layout_cave_pools, kennysheep_mini, uniq_duvessa
D:5:      layout_basic, uniq_ijyb
D:6:      layout_loops_cross, fiery_altar_vehumet, gammafunk_ghost_necromancy,
          minivault_5, uniq_maggie

Skill      XL: |  1  2  3  4  5  6  7  8 |
---------------+-------------------------+-----
Maces & Flails | 4 5 6 8 9 11 12 | 12.0
Fighting       | 4 |  4.5
Armour         | 3 |  3.5
Dodging        | |  2.1

Action                   |  1- 3 |  4- 6 |  7- 9 || total
-------------------------+-------+-------+-------++-------
Melee: Mace              |   115 |    30 |       ||   145
       Headbutt          |    20 |    33 |    25 ||    78
       Flail             |       |   128 |     3 ||   131
       Hand axe          |       |       |   111 ||   111
Invok: Trog's Hand       |     1 |     1 |     4 ||     6
  Use: Scroll            |       |     5 |       ||     5
       Potion            |       |       |     1 ||     1
  Eat: Chunk             |     1 |     7 |     6 ||    14
Armor: Animal skin       |     7 |       |       ||     7
       Chain mail        |    58 |    62 |       ||   120
       Ring mail         |       |    34 |    58 ||    92
Dodge: Dodged            |    64 |    70 |    58 ||   192
